Map: Winter Madness LE

Players

eGGz

  • Race: Zerg Zerg
  • League: Grandmaster
  • Spawn Location: 11:00

SpeCial - Winner!

  • Race: Terran Terran
  • League: Grandmaster
  • Spawn Location: 5:00

VOD

Have the link to the VOD?

Description

Time

  • Played on: Feb. 21, 2026, 4:44 p.m.
  • Length: 7:37
Show
View Real Time Build Order
Export as new Build Order

eGGz Zerg 

Build Orders: Hatch First 

Get SALT Encoding   

  12  0:01  Drone  
  13  0:08  Drone  
  14  0:15  Extractor  
  14  0:16  Drone  
  15  0:37  Hatchery  
  15  0:40  Extractor, Drone  
  15  0:47  Overlord  
  15  1:03  Spawning Pool  
  14  1:07  Drone  
  14  1:10  Drone  
  16  1:14  Drone  
  17  1:21  Drone  
  17  1:25  Extractor  
  17  1:29  Drone  
  18  1:42  Drone  
  19  1:49  Queen  
  19  1:50  Queen  
  19  1:53  Drone  
  24  1:56  Drone  
  25  2:03  Drone  
  25  2:06  Overlord  
  26  2:16  Drone x2  
  28  2:25  Spore Crawler  
  28  2:26  Extractor  
  28  2:28  Drone x2  
  28  2:35  Overlord x2  
  30  2:42  Queen  
  32  2:44  Drone  
  33  2:56  Spore Crawler  
  32  3:01  Drone  
  32  3:04  Roach Warren  
  32  3:08  Drone x2  
  35  3:15  Drone x4  
  39  3:20  Overlord  
  39  3:26  Lair  
  39  3:28  Overlord  
  39  3:40  Overlord  
  39  3:43  Hatchery  
  39  3:44  Zergling x4  
  39  3:47  Roach  
  42  3:49  Drone  
  42  3:51  Drone  
  42  3:52  Drone  
  42  3:54  Drone  
  46  4:00  Drone x3  
  48  4:06  Drone  
  48  4:09  Drone x2  
  48  4:13  Drone  
  49  4:19  Extractor  
  49  4:20  Drone x2  
  49  4:21  Extractor  
  49  4:27  Spire  
  49  4:28  Extractor  
  49  4:29  Drone  
  49  4:30  Drone x2  
  50  4:32  Drone  
  50  4:37  Drone  
  50  4:38  Drone x2  
  54  4:40  Ravager  
  54  4:42  Overseer  
  54  4:44  Drone x2  
  58  4:52  Drone  
  58  4:53  Drone x3  
  61  5:00  Overlord  
  61  5:03  Metabolic Boost  
  61  5:06  Drone x5  
  66  5:08  Drone  
  66  5:11  Overlord  
  67  5:15  Spore Crawler  
  67  5:20  Drone x4  
  67  5:21  Drone  
  71  5:24  Overlord  
  71  5:28  Drone x3  
  73  5:32  Extractor  
  73  5:33  Drone x2  
  73  5:34  Extractor, Drone  
  75  5:38  Mutalisk  
  75  5:41  Mutalisk  
  79  5:45  Mutalisk  
  79  5:46  Mutalisk x2  
  79  5:48  Mutalisk  
  87  5:54  Baneling Nest  
  86  5:58  Zergling x10  
  91  6:10  Hatchery, Drone x4  
  94  6:15  Mutalisk x2  
  94  6:16  Zergling x2  
  99  6:23  Overlord  
  99  6:24  Evolution Chamber  
  98  6:25  Evolution Chamber  
  98  6:28  Mutalisk x2  
  98  6:32  Zergling x10  
  100  6:36  Overlord  
  100  6:41  Baneling x2  
  100  6:42  Zergling x8  
  104  6:53  Baneling x2  
  104  6:54  Zergling x12  
  104  6:59  Zergling x4  
  109  7:05  Zergling x2  
  109  7:08  Baneling x8  
  103  7:09  Zergling x4  
Show
View Real Time Build Order
Export as new Build Order

SpeCial Terran - Winner!

Build Orders: Reaper Expand 

Get SALT Encoding   

  12  0:00  SCV  
  13  0:12  SCV  
  14  0:17  Supply Depot  
  14  0:24  SCV  
  15  0:38  SCV  
  15  0:39  Barracks  
  16  0:43  Refinery  
  16  0:50  SCV  
  17  1:03  SCV  
  18  1:15  SCV  
  19  1:27  Reaper, Orbital Command  
  20  1:38  Command Center  
  20  1:49  Supply Depot  
  20  1:53  SCV  
  21  1:59  Marine  
  22  2:06  SCV  
  23  2:11  Factory  
  23  2:18  SCV  
  23  2:21  Barracks Reactor  
  24  2:30  SCV  
  24  2:35  Command Center  
  25  2:42  SCV  
  26  2:51  Orbital Command  
  26  2:54  SCV  
  27  3:02  Starport  
  27  3:06  SCV  
  27  3:07  Refinery  
  30  3:13  Hellion x2  
  30  3:16  Barracks Tech Lab  
  30  3:18  SCV  
  30  3:19  SCV  
  34  3:31  SCV x2  
  36  3:43  SCV x2  
  36  3:46  Banshee  
  36  3:47  Orbital Command  
  41  3:50  Barracks Tech Lab  
  41  3:53  Barracks  
  41  3:55  SCV x2  
  43  4:02  Barracks  
  43  4:08  SCV, Marine  
  42  4:10  Orbital Command  
  42  4:13  Stimpack  
  42  4:16  SCV  
  41  4:20  Factory Reactor, SCV  
  41  4:23  Supply Depot  
  42  4:26  Marine  
  42  4:27  Supply Depot  
  42  4:29  SCV  
  44  4:32  SCV  
  44  4:37  SCV, Refinery  
  44  4:38  Refinery  
  46  4:39  Starport Reactor  
  46  4:41  SCV  
  46  4:42  Marine x2  
  46  4:44  Marine, SCV  
  51  4:47  Engineering Bay x2  
  51  4:49  SCV, Supply Depot  
  52  4:53  SCV  
  52  4:56  SCV  
  54  5:01  SCV  
  54  5:02  Marine x4  
  54  5:03  Marine  
  54  5:05  SCV  
  61  5:08  SCV  
  61  5:12  Supply Depot  
  61  5:13  SCV, Terran Infantry Weapons Level 1  
  61  5:14  Terran Infantry Armor Level 1  
  63  5:20  Marine x4, SCV  
  63  5:21  SCV, Marine  
  69  5:24  Medivac x2  
  69  5:28  SCV  
  75  5:32  SCV  
  75  5:33  SCV  
  75  5:35  Supply Depot x2  
  77  5:37  Marine  
  77  5:38  Marine x3  
  77  5:40  SCV  
  77  5:41  Siege Tank  
  85  5:44  Marine  
  85  5:48  Barracks  
  86  5:51  Barracks  
  86  5:54  SCV x2  
  86  5:55  SCV, Marine x2  
  91  5:57  Combat Shield  
  91  6:01  Supply Depot  
  91  6:03  Marine  
  91  6:04  Supply Depot, Marine  
  92  6:05  Marine  
  92  6:08  SCV  
  92  6:10  SCV x2  
  97  6:13  Marine  
  97  6:14  Siege Tank  
  101  6:23  Missile Turret x2, Marine  
  101  6:25  Marine x2  
  101  6:26  SCV x2  
  101  6:30  SCV  
  101  6:32  Missile Turret  
  105  6:35  Medivac  
  105  6:36  Medivac  
  105  6:38  SCV  
  110  6:40  Barracks Reactor x2  
  110  6:41  Marine x3  
  110  6:43  Marine  
  110  6:46  SCV x2  
  116  6:53  Marine  
  117  6:55  SCV  
  117  6:59  Marine x3  
  117  7:01  Marine  
  111  7:02  SCV x2  
  114  7:11  Marine  
  119  7:17  Marine x3  
  113  7:31  Armory  
Tags
 
Add a new tag
Caveats
  • Supply blocks, unpowered buildings, or Contaminate may cause inaccurate times.
  • Supply counts are checked every 10 seconds.